← All builds
Air / Cortex / Economy first / OBSERVED BUILD

Standard air

Cortex Air build order · Supreme Isthmus

Economy-first air build: Aircraft Plant then Advanced Metal Extractor and Fusion Reactor, making transports and scouts for allies while transitioning into fighters and occasional bombers over the whole game.

Usually transports first (78%)

#eco #air #team support · 1529 distinct matches · 254 players · 81% of Cortex Air games · team won 46% of 1836 · Recently observed

HOW TO PLAY IT

Key timing: Aircraft Plant by 1:24

  1. Open 3 mex and wind, then drop Aircraft Plant early.
  2. Finish Aircraft Plant and start fighters for scouting and defense.
  3. Eat the Aircraft Plant once production needs outgrow it.
  4. Get Advanced Metal Extractor up to scale eco.
  5. Bring Fusion Reactor online and keep feeding transports, scouts, fighters to allies.

Phase by phase

TYPICAL OF ITS 1529 GAMES
  1. 1
  2. 2
  3. 3
PLAY THE OPENING

Follow the example game's first 6:00 step by step: what to build now, what comes next, and where it goes. At 1× it keeps pace with your own game.

  1. 1

    Up to the Aircraft Plant

    Economy
    • Metal Extractor3Mex
    • Wind Turbine4Wind
    Order
    1. Aircraft PlantAircraft Plant after 3 mex, 4 winddone ~1:26, middle half 1:14–1:35

    Some games also: energy storage (38%)

    By 1:07 in all: 3 mex · 4 wind

    The example game in this phase · 5 steps
    1. Mex ×3
    2. Wind ×4
    3. Energy storage
    4. Wind
    5. Aircraft PlantAircraft Plantdone 1:39 · typical 1:26
  2. 2

    Aircraft Plant to 5:00

    Economy
    • Metal Extractor1Mex
    • Wind Turbine9Wind
    • Wind Turbine3Wind
    Builders
    • Construction Turret2 Con turret
    • Construction Aircraft1 Con aircraft
    Army
    • Valiant5 Valiant
    • Hercules2 Light transport for allies
    • Finch2 Finch for allies
    • Finch1 Finch
    • Hephaestus1 Heavy transport for allies

    Some games also: shuriken (49%) · energy storage (45%) · converter (44%) · light transport (40%)

    By 5:00 in all: 3 mex · 1 mex · 13 wind · 3 wind · 1 energy storage · 2 con turret

    The example game in this phase · 20 steps
    1. FinchFinch
    2. FinchFinchfor Geo sea
    3. HerculesLight transportfor Geo sea
    4. Wind
    5. FinchFinchfor Beach sea
    6. Wind
    7. HephaestusHeavy transportfor Beach sea
    8. HerculesLight transportfor Geo
    9. Construction AircraftCon aircraft
    10. Con turret
    11. ValiantValiant ×4
    12. Con turret
    13. HerculesLight transportfor Tech
    14. HerculesLight transport
    15. Con turret
    16. ValiantValiant
    17. Con turret
    18. ValiantValiant ×2
    19. Mex
    20. Wind
  3. 3

    5:00 to 10:00

    Economy
    • Wind Turbine21Wind
    • Wind Turbine5Wind
    • Energy Converter6Converter
    Order
    1. Aircraft PlantEat Aircraft Plant
    2. Aircraft PlantAircraft Plant after 19 wind, 18 wind, 7 converterin 58% of games
    Builders
    • Construction Turret3 Con turret
    Army
    • Valiant9 Valiant

    Some games also: shuriken (47%) · fusion (38%) · con aircraft (34%) · light transport (31%)

    By 10:00 in all: 3 mex · 1 mex · 25 wind · 20 wind · 8 converter · 1 energy storage

    The example game in this phase · 76 steps
    1. ValiantValiant
    2. Aircraft PlantEat Aircraft Plantreclaimed for its metal
    3. Wind ×15
    4. Con turret
    5. Wind ×4
    6. Converter
    7. Advanced Metal ExtractorT2 mexdone 7:12 · typical 6:54
    8. Converter
    9. Advanced Metal ExtractorT2 mex ×2
    10. Converter
    11. Advanced Metal ExtractorT2 mex
    12. Converter
    13. Con turret ×2
    14. Fusion ReactorFusiondone 10:26 · typical 10:52
    15. Con turret
    16. Converter
    17. Aircraft PlantAircraft Plantdone 9:22
    18. Converter
    19. ShurikenShuriken ×4
    20. Converter
    21. ShurikenShuriken ×3
    22. Converter
    23. ShurikenShuriken
    24. Converter
    25. ShurikenShuriken ×2
    26. Converter
    27. ShurikenShuriken ×3
    28. Converter
    29. ShurikenShuriken ×2
    30. Converter ×2
    31. ValiantValiant ×3
    32. Converter
    33. ValiantValiant ×3
    34. Converter
    35. ValiantValiant
    36. Converter
    37. ValiantValiant ×2
    38. Converter
    39. ValiantValiant ×2
    40. Converter
    41. Fusion ReactorFusion
    42. Aircraft PlantEat Aircraft Plantreclaimed for its metal
    43. Converter ×2
    44. Con turret
    45. Fusion ReactorFusion
    46. Con turret
    47. Converter
    48. Con turret
    49. Converter ×7
    50. Fusion ReactorFusion
    51. Converter ×5
    52. Con turret
    53. Converter ×3
    54. Con turret ×2
    55. Converter
    56. Con turret
    57. Converter
    58. Advanced Aircraft PlantAdvanced Aircraft Plantdone 14:10
    59. Converter ×4
    60. NighthawkNighthawk
    61. Converter
    62. NighthawkNighthawk
    63. Converter
    64. NighthawkNighthawk ×2
    65. Converter
    66. NighthawkNighthawk
    67. Converter
    68. NighthawkNighthawk ×2
    69. Converter
    70. NighthawkNighthawk ×2
    71. Converter
    72. NighthawkNighthawk
    73. Converter
    74. NighthawkNighthawk ×2
    75. Converter
    76. NighthawkNighthawk ×2

Counts are medians over the build's games: half of them build more, half fewer. The example game is ToStupidToName's (31 OS, 28/08/2026); pick another.

Team trades

IN AT LEAST 30% OF ITS GAMES

You hand over

  • Finch2 Finch to Geo sea or Beach seafirst at 1:50 · in 96% of games
  • Hercules3 Light transport to Tech or Geo sea or Beach seafirst at 2:06 · in 99% of games
  • Hephaestus1 Heavy transport to Beach sea or Pond or Techfirst at 2:22 · in 71% of games

You get

  • Wind Turbine3 Wind from Beach sea or Geo seafirst at 1:37 · in 64% of games
  • Wind Turbine3 Wind from Beach sea or Geo sea or Pondfirst at 1:42 · in 46% of games
  • Construction Bot1 Con bot from Techfirst at 2:22 · in 88% of games
  • Advanced Construction Bot1 T2 con bot from Techfirst at 6:05 · in 96% of games

How it plays out

Typical game of this build, running totals by minute

Metal produced

010k20k30k
0:005:0010:0015:00

metal

Enemy metal destroyed

01k2k
0:005:0010:0015:00

metal

Own metal lost

01k2k3k
0:005:0010:0015:00

metal

1836 games.

Show as table
ByMetal produced: This buildEnemy metal destroyed: This buildOwn metal lost: This build
1:0039200
2:0092300
3:00145600
4:002052051
5:0027635173
6:003707102124
7:005089146169
8:006903190219
9:009282230271
10:0011758292379
11:0014379366535
12:0017077511778
13:00198737701089
14:002271112571687
15:002574318182435
WHAT THE NUMBERS SAY

Standard air play wins less than half its games, with very low combat losses and kills since the role mostly supports rather than fights.

  • + Own metal lost stays very low, only 2701 by 15:00.
  • + Metal production reaches 25740 by 15:00, a strong support economy.
  • − Team wins under half of games (47%).
  • − Enemy metal destroyed stays low at 2097 by 15:00, showing little direct impact.
THE EXAMPLE YOU ARE READING

ToStupidToName

31.2 OS · 28/08/2026

Open source match ↗

7 received units · includes a constructor
664 metal received · 123443 energy received

Allied construction assistance is unknown. Timings are observations, not a promise of solo reproducibility.

Typical milestones

Aircraft Plant1:26Middle 50%: 1:14–1:35 · n=1836
Advanced Metal Extractor6:54Middle 50%: 6:27–7:26 · n=1775
Fusion Reactor10:52Middle 50%: 9:45–12:16 · n=1179

Played most by

TheGeneraI114games of this buildDad_The_Speedrunner72games of this buildHunfore62games of this buildDRM52games of this buildMilkdragon52games of this build